Penguins vs Wolfpack
(R1)
Created - October 15, 2023 at 10:05
Goals
|
| Penguins |
5 |
1 |
1 |
7 |
| Wolfpack |
0 |
1 |
2 |
3 |
|
Shots
|
| Penguins |
14 |
6 |
17 |
37 |
| Wolfpack |
11 |
3 |
16 |
30 |
|
1st period
1. Penguins , Mathew Barzal 1 (Iven Barbashev 1, Brett Kulak 1) at 12:27 (PP)
2. Penguins , Evan Rodrigues 1 (Brett Kulak 2) at 13:27
3. Penguins , Mathew Barzal 2 (Gavin Bayreuther 1, Eetu Luostarinen 1) at 14:39
4. Penguins , Iven Barbashev 1 (Mathew Barzal 1, Philipp Kurashev 1) at 16:53
5. Penguins , Evan Rodrigues 2 (Brett Kulak 3, Eetu Luostarinen 2) at 17:33
Penalties :
Denis Malgin (Wil) for Unsportsmanlike conduct (Minor) at 9:37, Owen Tippet (Har) for Tripping (Minor) at 12:03, Seth Griffith (Har) for High sticking (Double Minor) at 17:42
2nd period
6. Wolfpack , Nolan Patrick 1 (Steven Santini 1, Derrick Pouliot 1) at 2:01
7. Penguins , Max Gortz 1 (Denis Malgin 1) at 15:02
Penalties :
Iven Barbashev (Wil) for High sticking (Minor) at 7:19, Philipp Kurashev (Wil) for Hooking (Minor) at 10:15, Derrick Pouliot (Har) for Tripping (Minor) at 19:35
3rd period
8. Wolfpack , Seth Griffith 1 (David Pope 1) at 7:23
9. Wolfpack , Connor Chatam 1 (Steven Santini 2, Samuel Blais 1) at 7:37
10. Penguins , Mathew Barzal 3 (Noah Dobson 1) at 9:17
Penalties :
Colton White (Har) for Fighting (Major) at 6:42, John Marino (Wil) for Fighting (Major) at 6:42, Seth Griffith (Har) for Hooking (Minor) at 9:46, K'Andre Miller (Har) for Hooking (Minor) at 14:45
Goalie Stats
Jeremy Swayman (Wil), 27 saves from 30 shots - (0.900), W, 1-0-0, 60:00 minutes
Ivan Fedotov (Har), 8 saves from 12 shots - (0.667), L, 0-1-0, 16:53 minutes
Mike Condon (Har), 22 saves from 25 shots - (0.880), 43:07 minutes
Players Stats for Penguins
Player Name G A P +/- PIM S H SB GA TA FO MP PP MP PK MP
------------------------------------------------------------------------------------
Adam Brooks 0 0 0 0 0 1 1 0 0 0 1/4 13:06 4:23 1:50
Brett Kulak 0 3 3 2 0 1 1 3 2 0 0/0 30:05 5:59 3:38
Dakota Mermis 0 0 0 0 0 1 2 0 0 0 0/0 20:09 4:44 2:19
Denis Malgin 0 1 1 0 2 2 2 0 0 0 1/3 11:27 0:00 0:30
Eetu Luostarinen 0 2 2 1 0 1 0 1 0 0 1/2 18:15 4:23 2:26
Evan Rodrigues 2 0 2 1 0 7 5 0 2 1 8/23 20:39 5:57 3:07
Gavin Bayreuther 0 1 1 2 0 4 3 5 3 0 0/0 30:03 5:36 3:38
Iven Barbashev 1 1 2 2 2 3 3 0 0 0 2/3 22:30 5:44 2:06
Jeff Malott 0 0 0 0 0 0 4 0 1 0 0/0 11:51 0:13 0:45
Jesper Boqvist 0 0 0 1 0 1 0 0 0 0 0/0 11:21 0:00 0:00
John Marino 0 0 0 0 5 0 2 0 0 1 0/0 18:48 3:39 2:19
Mathew Barzal 3 1 4 2 0 8 2 1 0 1 0/1 20:28 5:57 0:00
Matthew Finn 0 0 0 0 0 2 1 1 0 0 0/0 10:35 0:00 0:00
Max Gortz 1 0 1 0 0 3 1 0 0 1 0/0 14:10 4:23 0:00
Noah Dobson 0 1 1 2 0 1 0 0 0 1 0/0 10:19 0:42 0:00
Philipp Kurashev 0 1 1 2 2 1 0 0 0 1 13/26 15:37 0:00 1:10
Sam Kurker 0 0 0 0 0 1 0 0 1 0 0/1 7:48 0:00 0:00
Sampo Ranta 0 0 0 0 0 0 1 0 0 0 0/0 6:48 0:00 0:00
Players Stats for Wolfpack
Player Name G A P +/- PIM S H SB GA TA FO MP PP MP PK MP
------------------------------------------------------------------------------------
Alex Barre-Boulet 0 0 0 -1 0 1 1 0 0 0 3/4 7:16 0:00 0:00
Alexander Barabanov 0 0 0 1 0 1 0 1 0 1 0/0 8:27 0:00 0:00
Casey Mittelstadt 0 0 0 0 0 1 0 0 0 0 7/13 17:46 2:52 2:59
Colton White 0 0 0 0 5 1 1 0 0 0 0/0 19:50 2:07 3:58
Connor Chatam 1 0 1 0 0 4 1 0 1 2 1/5 17:11 2:52 2:20
David Pope 0 1 1 -3 0 4 1 0 1 1 1/1 25:09 3:05 6:04
Derrick Pouliot 0 1 1 -1 2 1 1 1 1 2 0/0 28:39 3:50 4:50
Dryden Hunt 0 0 0 -1 0 2 0 0 0 0 0/0 9:29 0:00 2:07
Joshua Jacobs 0 0 0 -2 0 0 0 1 0 1 0/0 9:47 0:00 0:03
K'Andre Miller 0 0 0 -2 2 0 0 2 0 0 0/0 11:53 0:00 1:36
Linus Sandin 0 0 0 -1 0 0 1 0 0 0 0/0 7:16 0:00 0:00
Nolan Patrick 1 0 1 1 0 4 1 1 0 0 3/5 10:31 0:00 2:04
Owen Tippet 0 0 0 1 2 1 0 0 0 0 0/0 8:26 0:00 0:00
Ryan Culkin 0 0 0 0 0 0 1 0 1 0 0/0 19:52 2:07 3:31
Samuel Blais 0 1 1 0 0 3 4 0 1 0 1/1 16:55 2:52 2:09
Sebastian Collberg 0 0 0 -3 0 3 0 0 0 0 0/0 18:50 3:05 0:00
Seth Griffith 1 0 1 -3 6 3 2 0 0 1 21/34 22:00 3:05 2:57
Steven Santini 0 2 2 -1 0 1 1 1 1 1 0/0 30:21 3:50 6:46
3 Stars
1 - Mathew Barzal (Wil)
2 - Evan Rodrigues (Wil)
3 - Brett Kulak (Wil)
Power Play
Penguins - 1 on 6 Attempt(s) - 16.67%
Wolfpack - 0 on 3 Attempt(s) - 0.00%
Penalty Kill
Penguins - 3 on 3 Attempt(s) - 100.00%
- Score 0 goal in Penalty Kill
Wolfpack - 5 on 6 Attempt(s) - 83.33%
- Score 0 goal in Penalty Kill
Team Stat
Penguins - Hits : 28 - Faceoff Wins : 26 - Blocked Shots : 11 - Penalty Minutes : 11
Wolfpack - Hits : 15 - Faceoff Wins : 37 - Blocked Shots : 7 - Penalty Minutes : 17
Official
Referees : Eric Furlatt and Corey Syvret
Linesman : Vaughan Rody and Jesse Marquis
Game Notes
Mike Condon enters game at 16:53 of 1st period
Colton White beats up John Marino at 6:42 of 3rd period
Mathew Barzal has scored a Hat Trick!
14:38 of 3rd period - Penguins goal is going for a video replay. After video review, No Goal. The goalkeeper has been pushed into the net together with the puck after making a save.
Finance
Level 1 -- Attendance: 1784 (89.20%) -- Ticket Income $124,880
Level 2 -- Attendance: 873 (87.30%) -- Ticket Income $34,920
Total Attendance: 2657 (88.57%)
Total Ticket Income: $159,800
Other Income: $7,990
Total Income: $167,790
Penguins
5 vs 5 Forward
Center Left Wing Right Wing Time % Phy DF OF
1 Philipp Kurashev Iven Barbashev Mathew Barzal 40 1 2 2
2 Evan Rodrigues Eetu Luostarinen Jesper Boqvist 30 1 2 2
3 Denis Malgin Jeff Malott Max Gortz 20 1 2 2
4 Adam Brooks Sampo Ranta Sam Kurker 10 1 2 2
5 vs 5 Defense
Defense Defense Time % Phy DF OF
1 Brett Kulak Gavin Bayreuther 40 1 2 2
2 Dakota Mermis John Marino 30 1 2 2
3 Matthew Finn Noah Dobson 20 1 2 2
4 Brett Kulak Gavin Bayreuther 10 1 2 2
PowerPlay Forward
Center Left Wing Right Wing Time % Phy DF OF
1 Evan Rodrigues Iven Barbashev Mathew Barzal 60 1 2 2
2 Adam Brooks Eetu Luostarinen Max Gortz 40 1 2 2
PowerPlay Defense
Defense Defense Time % Phy DF OF
1 Brett Kulak Gavin Bayreuther 60 1 2 2
2 Dakota Mermis John Marino 40 1 2 2
Penalty Kill 4 Players Forward
Center Wing Time % Phy DF OF
1 Evan Rodrigues Iven Barbashev 60 1 2 2
2 Adam Brooks Eetu Luostarinen 40 1 2 2
Penalty Kill 4 Players Defense
Defense Defense Time % Phy DF OF
1 Brett Kulak Gavin Bayreuther 60 1 2 2
2 Dakota Mermis John Marino 40 1 2 2
Penalty Kill - 3 Players Forward
Forward Time % Phy DF OF
1 Evan Rodrigues 60 1 2 2
2 Adam Brooks 40 1 2 2
Penalty Kill - 3 Players Defense
Defense Defense Time % Phy DF OF
1 Brett Kulak Gavin Bayreuther 60 1 2 2
2 Dakota Mermis John Marino 40 1 2 2
4 vs 4 Forward
Center Wing Time % Phy DF OF
1 Evan Rodrigues Iven Barbashev 60 1 2 2
2 Adam Brooks Eetu Luostarinen 40 1 2 2
4 vs 4 Defense
Defense Defense Time % Phy DF OF
1 Brett Kulak Gavin Bayreuther 60 1 2 2
2 Dakota Mermis John Marino 40 1 2 2
Last Minutes Offensive
Center Left Wing Right Wing Defense Defense
Evan Rodrigues Iven Barbashev Mathew Barzal Brett Kulak Gavin Bayreuther
Last Minutes Defensive
Center Left Wing Right Wing Defense Defense
Evan Rodrigues Iven Barbashev Mathew Barzal Brett Kulak Gavin Bayreuther
Goaltenders
Starting : Jeremy Swayman
Backup : Anthony Stolarz
Extra Forwards
Normal : Adam Brooks, Max Gortz, Sam Kurker - PP : Adam Brooks, Max Gortz - PK : Adam Brooks
Extra Defensemen
Normal : John Marino, Matthew Finn, Noah Dobson - PP : John Marino - PK : John Marino, Matthew Finn
Penalty Shots
Mathew Barzal, Iven Barbashev, Evan Rodrigues, Eetu Luostarinen, Adam Brooks
Custom OT Lines Forwards
Mathew Barzal, Iven Barbashev, Evan Rodrigues, Eetu Luostarinen, Adam Brooks, Max Gortz, Sam Kurker, Denis Malgin, Jeff Malott, Jesper Boqvist
Custom OT Lines Defensemen
Brett Kulak, Gavin Bayreuther, Dakota Mermis, John Marino, Matthew Finn
Scratches
Brett Pollock (Healthy), Josh Ho-Sang (Healthy), Juuso Ikonen (Healthy), Austin Strand (Healthy), Ryan MacInnis (Healthy)
Steven Spinner (Healthy), Shawn Boudrias (Healthy), Zachary Bouthillier (Healthy)
Wolfpack
5 vs 5 Forward
Center Left Wing Right Wing Time % Phy DF OF
1 Seth Griffith David Pope Sebastian Collberg 40 1 2 2
2 Casey Mittelstadt Samuel Blais Connor Chatam 30 1 2 2
3 Nolan Patrick Alexander Barabanov Owen Tippet 20 1 2 2
4 Alex Barre-Boulet Dryden Hunt Linus Sandin 10 1 2 2
5 vs 5 Defense
Defense Defense Time % Phy DF OF
1 Derrick Pouliot Steven Santini 40 1 2 2
2 Ryan Culkin Colton White 30 1 2 2
3 K'Andre Miller Joshua Jacobs 20 1 2 2
4 Derrick Pouliot Steven Santini 10 1 2 2
PowerPlay Forward
Center Left Wing Right Wing Time % Phy DF OF
1 Seth Griffith David Pope Sebastian Collberg 60 1 2 2
2 Casey Mittelstadt Samuel Blais Connor Chatam 40 1 2 2
PowerPlay Defense
Defense Defense Time % Phy DF OF
1 Derrick Pouliot Steven Santini 60 1 2 2
2 Ryan Culkin Colton White 40 1 2 2
Penalty Kill 4 Players Forward
Center Wing Time % Phy DF OF
1 Seth Griffith David Pope 60 1 2 2
2 Casey Mittelstadt Samuel Blais 40 1 2 2
Penalty Kill 4 Players Defense
Defense Defense Time % Phy DF OF
1 Derrick Pouliot Steven Santini 60 1 2 2
2 Ryan Culkin Colton White 40 1 2 2
Penalty Kill - 3 Players Forward
Forward Time % Phy DF OF
1 Seth Griffith 60 1 2 2
2 Casey Mittelstadt 40 1 2 2
Penalty Kill - 3 Players Defense
Defense Defense Time % Phy DF OF
1 Derrick Pouliot Steven Santini 60 1 2 2
2 Ryan Culkin Colton White 40 1 2 2
4 vs 4 Forward
Center Wing Time % Phy DF OF
1 Seth Griffith David Pope 60 1 2 2
2 Casey Mittelstadt Samuel Blais 40 1 2 2
4 vs 4 Defense
Defense Defense Time % Phy DF OF
1 Derrick Pouliot Steven Santini 60 1 2 2
2 Ryan Culkin Colton White 40 1 2 2
Last Minutes Offensive
Center Left Wing Right Wing Defense Defense
Seth Griffith David Pope Sebastian Collberg Derrick Pouliot Steven Santini
Last Minutes Defensive
Center Left Wing Right Wing Defense Defense
Seth Griffith David Pope Sebastian Collberg Derrick Pouliot Steven Santini
Goaltenders
Starting : Ivan Fedotov
Backup : Mike Condon
Extra Forwards
Normal : Connor Chatam, Casey Mittelstadt, Alexander Barabanov - PP : Connor Chatam, Casey Mittelstadt - PK : Connor Chatam
Extra Defensemen
Normal : Colton White, K'Andre Miller, Joshua Jacobs - PP : Colton White - PK : Colton White, K'Andre Miller
Penalty Shots
David Pope, Samuel Blais, Seth Griffith, Sebastian Collberg, Connor Chatam
Custom OT Lines Forwards
David Pope, Samuel Blais, Seth Griffith, Sebastian Collberg, Connor Chatam, Casey Mittelstadt, Alexander Barabanov, Dryden Hunt, Nolan Patrick, Owen Tippet
Custom OT Lines Defensemen
Derrick Pouliot, Steven Santini, Ryan Culkin, Colton White, K'Andre Miller
Scratches
Ryan Poehling (Healthy), Mason Shaw (Healthy), Samuel Houde (Healthy), Jake Marchment (Healthy), Joel Kiviranta (Healthy)
Dylan Samberg (Healthy), Cale Fleury (Healthy), Mikhail Vorobyev (Healthy), Will Borgen (Healthy), Andrew Peeke (Healthy)
Dante Fabbro (Healthy), Jeffrey Viel (Healthy), Yegor Korshkov (Healthy), Alexander Volkov (Healthy), Jack Drury (Healthy)
Jakub Lauko (Healthy), Martin Kaut (Healthy), Mathias Laferriere (Healthy), Samuel Ersson (Healthy), Jake Paterson (Healthy)
% Time on Ice - Penguins
Lines # - Real PCT - Wanted PCT - Time Play
Normal Forward
1 - 34% - 40% - 14:47
2 - 26% - 30% - 11:21
3 - 25% - 20% - 10:47
4 - 16% - 10% - 6:48
Normal Defense
1 - 43% - 40% - 18:49
2 - 30% - 30% - 13:12
3 - 22% - 20% - 9:42
4 - 5% - 10% - 2:00
PP Forward
1 - 58% - 60% - 5:57
2 - 42% - 40% - 4:23
PP Defense
1 - 54% - 60% - 5:36
2 - 46% - 40% - 4:44
PK Forward
1 - 85% - 60% - 5:03
2 - 15% - 40% - 0:54
PK Defense
1 - 61% - 60% - 3:38
2 - 39% - 40% - 2:19
PK3 Forward
1 - 0% - 60%
2 - 0% - 40%
PK3 Defense
1 - 0% - 60%
2 - 0% - 40%
44 Forward
1 - 0% - 60%
2 - 0% - 40%
44 Defense
1 - 0% - 60%
2 - 0% - 40%
Last Minute Offensive - 0:00
Last Minute Defensive - 0:00
Total
Forward - 60:00
Defense - 60:00
|
% Time on Ice - Wolfpack
Lines # - Real PCT - Wanted PCT - Time Play
Normal Forward
1 - 37% - 40% - 16:06
2 - 27% - 30% - 11:54
3 - 19% - 20% - 8:27
4 - 17% - 10% - 7:16
Normal Defense
1 - 43% - 40% - 18:55
2 - 33% - 30% - 14:14
3 - 22% - 20% - 9:29
4 - 2% - 10% - 1:05
PP Forward
1 - 52% - 60% - 3:05
2 - 48% - 40% - 2:52
PP Defense
1 - 64% - 60% - 3:50
2 - 36% - 40% - 2:07
PK Forward
1 - 81% - 60% - 8:20
2 - 19% - 40% - 2:00
PK Defense
1 - 66% - 60% - 6:49
2 - 34% - 40% - 3:31
PK3 Forward
1 - 0% - 60%
2 - 0% - 40%
PK3 Defense
1 - 0% - 60%
2 - 0% - 40%
44 Forward
1 - 0% - 60%
2 - 0% - 40%
44 Defense
1 - 0% - 60%
2 - 0% - 40%
Last Minute Offensive - 0:00
Last Minute Defensive - 0:00
Total
Forward - 60:00
Defense - 60:00
|
Play-by-Play
1st period
0:01 of 1st period - Seth Griffith wins face-off versus Philipp Kurashev in neutral zone.
0:06 of 1st period - Wrist shot by Seth Griffith.
0:06 of 1st period - Stopped by Jeremy Swayman with a rebound.
0:09 of 1st period - Icing by Gavin Bayreuther.
0:10 of 1st period - Philipp Kurashev wins face-off versus Seth Griffith in Penguins zone.
0:19 of 1st period - Sebastian Collberg is hit by Iven Barbashev and loses puck.
0:26 of 1st period - Slapshot by Mathew Barzal.
0:26 of 1st period - Shot Misses the Net.
0:28 of 1st period - Slapshot by Gavin Bayreuther.
0:28 of 1st period - Stopped by Ivan Fedotov with a rebound.
0:30 of 1st period - Slapshot by Gavin Bayreuther.
0:30 of 1st period - Shot Misses the Net.
1:08 of 1st period - Snap shot by Seth Griffith.
1:08 of 1st period - Shot Misses the Net.
2:15 of 1st period - Gavin Bayreuther is hit by Seth Griffith and loses puck.
2:59 of 1st period - Snap shot by Mathew Barzal.
2:59 of 1st period - Stopped by Ivan Fedotov without a rebound.
3:00 of 1st period - Casey Mittelstadt wins face-off versus Evan Rodrigues in Wolfpack zone.
3:07 of 1st period - Snap shot by Samuel Blais.
3:07 of 1st period - Stopped by Jeremy Swayman with a rebound.
3:09 of 1st period - Slapshot by Ryan Culkin.
3:09 of 1st period - Shot Misses the Net.
3:11 of 1st period - Slapshot by Colton White.
3:11 of 1st period - Stopped by Jeremy Swayman without a rebound.
3:12 of 1st period - Casey Mittelstadt wins face-off versus Evan Rodrigues in Penguins zone.
3:39 of 1st period - Max Gortz is hit by Colton White and loses puck.
3:53 of 1st period - Icing by Noah Dobson.
3:54 of 1st period - Adam Brooks wins face-off versus Alex Barre-Boulet in Penguins zone.
4:01 of 1st period - Wrist shot by Adam Brooks.
4:01 of 1st period - Stopped by Ivan Fedotov without a rebound.
4:02 of 1st period - Samuel Blais wins face-off versus Evan Rodrigues in Wolfpack zone.
4:55 of 1st period - Colton White is hit by Dakota Mermis and loses puck.
5:02 of 1st period - Dakota Mermis is hit by Alex Barre-Boulet and loses puck.
5:17 of 1st period - Snap shot by Evan Rodrigues.
5:17 of 1st period - Shot Misses the Net.
5:41 of 1st period - Snap shot by Jeff Malott.
5:41 of 1st period - Shot Misses the Net.
6:12 of 1st period - Slapshot by Jeff Malott.
6:12 of 1st period - Shot Misses the Net.
6:59 of 1st period - Owen Tippet is hit by Jeff Malott and loses puck.
8:44 of 1st period - Matthew Finn is hit by Samuel Blais and loses puck.
9:01 of 1st period - Snap shot by Sebastian Collberg.
9:01 of 1st period - Stopped by Jeremy Swayman without a rebound.
9:02 of 1st period - Seth Griffith wins face-off versus Evan Rodrigues in Penguins zone.
9:05 of 1st period - Wrist shot by David Pope.
9:05 of 1st period - Shot Misses the Net.
9:07 of 1st period - Slapshot by Steven Santini.
9:07 of 1st period - Shot Misses the Net.
9:09 of 1st period - Slapshot by Steven Santini.
9:09 of 1st period - Shot Blocked by Gavin Bayreuther.
9:11 of 1st period - Slapshot by Seth Griffith.
9:11 of 1st period - Shot Misses the Net.
9:13 of 1st period - Slapshot by Steven Santini.
9:13 of 1st period - Deflect By Evan Rodrigues.
9:13 of 1st period - Stopped by Jeremy Swayman with a rebound.
9:15 of 1st period - Slapshot by Derrick Pouliot.
9:15 of 1st period - Stopped by Jeremy Swayman without a rebound.
9:16 of 1st period - Denis Malgin wins face-off versus Casey Mittelstadt in Penguins zone.
9:29 of 1st period - Wrist shot by Casey Mittelstadt.
9:29 of 1st period - Shot Misses the Net.
9:31 of 1st period - Wrist shot by Casey Mittelstadt.
9:31 of 1st period - Shot Blocked by Gavin Bayreuther.
9:37 of 1st period - Minor Penalty to Denis Malgin for Unsportsmanlike conduct.
9:38 of 1st period - Seth Griffith wins face-off versus Evan Rodrigues in Penguins zone.
10:05 of 1st period - Brett Kulak is hit by Samuel Blais and loses puck.
10:51 of 1st period - Icing by Steven Santini.
10:52 of 1st period - Philipp Kurashev wins face-off versus Seth Griffith in Wolfpack zone.
11:37 of 1st period - Penalty to Denis Malgin is over, Denis Malgin is back on ice.
12:03 of 1st period - Minor Penalty to Owen Tippet for Tripping.
12:04 of 1st period - Seth Griffith wins face-off versus Evan Rodrigues in Wolfpack zone.
12:14 of 1st period - Off-side.
12:15 of 1st period - Seth Griffith wins face-off versus Evan Rodrigues in neutral zone.
12:18 of 1st period - Brett Kulak is hit by Steven Santini and loses puck.
12:25 of 1st period - Slapshot by Iven Barbashev.
12:25 of 1st period - Stopped by Ivan Fedotov with a rebound.
12:27 of 1st period - Wrist shot by Mathew Barzal.
12:27 of 1st period - Goal by Mathew Barzal - Penguins : 1 - Wolfpack : 0.
12:28 of 1st period - Evan Rodrigues wins face-off versus Seth Griffith in neutral zone.
13:01 of 1st period - Slapshot by Mathew Barzal.
13:01 of 1st period - Stopped by Ivan Fedotov without a rebound.
13:02 of 1st period - Philipp Kurashev wins face-off versus Casey Mittelstadt in Wolfpack zone.
13:09 of 1st period - Snap shot by Iven Barbashev.
13:09 of 1st period - Stopped by Ivan Fedotov without a rebound.
13:10 of 1st period - Philipp Kurashev wins face-off versus Casey Mittelstadt in Wolfpack zone.
13:19 of 1st period - Snap shot by Mathew Barzal.
13:19 of 1st period - Stopped by Ivan Fedotov without a rebound.
13:20 of 1st period - Seth Griffith wins face-off versus Evan Rodrigues in Wolfpack zone.
13:27 of 1st period - Wrist shot by Evan Rodrigues.
13:27 of 1st period - Goal by Evan Rodrigues - Penguins : 2 - Wolfpack : 0.
13:28 of 1st period - Seth Griffith wins face-off versus Evan Rodrigues in neutral zone.
13:40 of 1st period - Slapshot by Brett Kulak.
13:40 of 1st period - Shot Blocked by Derrick Pouliot.
13:42 of 1st period - Wrist shot by Eetu Luostarinen.
13:42 of 1st period - Shot Misses the Net.
13:44 of 1st period - Snap shot by Jesper Boqvist.
13:44 of 1st period - Shot Misses the Net.
14:01 of 1st period - Slapshot by Connor Chatam.
14:01 of 1st period - Shot Blocked by Mathew Barzal.
14:03 of 1st period - Slapshot by Casey Mittelstadt.
14:03 of 1st period - Stopped by Jeremy Swayman with a rebound.
14:05 of 1st period - Wrist shot by Connor Chatam.
14:05 of 1st period - Stopped by Jeremy Swayman without a rebound.
14:06 of 1st period - Nolan Patrick wins face-off versus Evan Rodrigues in Penguins zone.
14:07 of 1st period - Snap shot by Alexander Barabanov.
14:07 of 1st period - Stopped by Jeremy Swayman with a rebound.
14:39 of 1st period - Slapshot by Mathew Barzal.
14:39 of 1st period - Goal by Mathew Barzal - Penguins : 3 - Wolfpack : 0.
14:40 of 1st period - Casey Mittelstadt wins face-off versus Philipp Kurashev in neutral zone.
14:43 of 1st period - Iven Barbashev is hit by Samuel Blais.
15:05 of 1st period - David Pope is hit by Evan Rodrigues and loses puck.
15:32 of 1st period - Slapshot by Max Gortz.
15:32 of 1st period - Stopped by Ivan Fedotov without a rebound.
15:33 of 1st period - Casey Mittelstadt wins face-off versus Philipp Kurashev in Wolfpack zone.
15:33 of 1st period - Casey Mittelstadt is hit by Mathew Barzal.
15:59 of 1st period - Ryan Culkin is hit by Evan Rodrigues.
16:09 of 1st period - Snap shot by Seth Griffith.
16:09 of 1st period - Stopped by Jeremy Swayman with a rebound.
16:25 of 1st period - Wrist shot by Max Gortz.
16:25 of 1st period - Shot Blocked by K'Andre Miller.
16:27 of 1st period - Wrist shot by Gavin Bayreuther.
16:27 of 1st period - Shot Blocked by Alexander Barabanov.
16:29 of 1st period - Slapshot by Gavin Bayreuther.
16:29 of 1st period - Shot Misses the Net.
16:39 of 1st period - Brett Kulak is hit by Linus Sandin and loses puck.
16:46 of 1st period - Snap shot by Dryden Hunt.
16:46 of 1st period - Stopped by Jeremy Swayman without a rebound.
16:47 of 1st period - Philipp Kurashev wins face-off versus Seth Griffith in Penguins zone.
16:47 of 1st period - Philipp Kurashev is hit by David Pope.
16:53 of 1st period - Slapshot by Iven Barbashev.
16:53 of 1st period - Goal by Iven Barbashev - Penguins : 4 - Wolfpack : 0.
16:53 of 1st period - Mike Condon enters game.
16:54 of 1st period - Seth Griffith wins face-off versus Philipp Kurashev in neutral zone.
17:29 of 1st period - Snap shot by Eetu Luostarinen.
17:29 of 1st period - Shot Misses the Net.
17:31 of 1st period - Slapshot by Brett Kulak.
17:31 of 1st period - Shot Misses the Net.
17:33 of 1st period - Wrist shot by Evan Rodrigues.
17:33 of 1st period - Goal by Evan Rodrigues - Penguins : 5 - Wolfpack : 0.
17:34 of 1st period - Philipp Kurashev wins face-off versus Seth Griffith in neutral zone.
17:42 of 1st period - Double Minor Penalty to Seth Griffith for High sticking.
17:43 of 1st period - Evan Rodrigues wins face-off versus Connor Chatam in Wolfpack zone.
17:47 of 1st period - Slapshot by Gavin Bayreuther.
17:47 of 1st period - Stopped by Mike Condon without a rebound.
17:48 of 1st period - Connor Chatam wins face-off versus Evan Rodrigues in Wolfpack zone.
17:48 of 1st period - Connor Chatam is hit by Evan Rodrigues.
18:04 of 1st period - Wrist shot by Mathew Barzal.
18:04 of 1st period - Shot Misses the Net.
19:41 of 1st period - Derrick Pouliot is hit by Jeff Malott.
Goals for this period are 5 for Penguins vs 0 for Wolfpack.
Shots for this period are 14 for Penguins vs 11 for Wolfpack.
2nd period
0:01 of 2nd period - Evan Rodrigues wins face-off versus Connor Chatam in neutral zone.
0:04 of 2nd period - Derrick Pouliot is hit by Iven Barbashev and loses puck.
1:42 of 2nd period - Penalty to Seth Griffith is over, Seth Griffith is back on ice.
2:01 of 2nd period - Wrist shot by Nolan Patrick.
2:01 of 2nd period - Goal by Nolan Patrick - Penguins : 5 - Wolfpack : 1.
2:02 of 2nd period - Eetu Luostarinen wins face-off versus Casey Mittelstadt in neutral zone.
2:19 of 2nd period - Connor Chatam is hit by Evan Rodrigues.
3:07 of 2nd period - Snap shot by Alexander Barabanov.
3:07 of 2nd period - Shot Misses the Net.
3:39 of 2nd period - Backhand shot by Evan Rodrigues.
3:39 of 2nd period - Stopped by Mike Condon with a rebound.
3:43 of 2nd period - Snap shot by Eetu Luostarinen.
3:43 of 2nd period - Stopped by Mike Condon without a rebound.
3:44 of 2nd period - Seth Griffith wins face-off versus Philipp Kurashev in Wolfpack zone.
4:22 of 2nd period - Off-side.
4:23 of 2nd period - Seth Griffith wins face-off versus Denis Malgin in neutral zone.
4:26 of 2nd period - Slapshot by Steven Santini.
4:26 of 2nd period - Deflect By David Pope.
4:26 of 2nd period - Stopped by Jeremy Swayman with a rebound.
5:31 of 2nd period - Snap shot by Linus Sandin.
5:31 of 2nd period - Shot Blocked by Brett Kulak.
5:37 of 2nd period - Wrist shot by Gavin Bayreuther.
5:37 of 2nd period - Deflect By Sam Kurker.
5:37 of 2nd period - Stopped by Mike Condon without a rebound.
5:38 of 2nd period - Seth Griffith wins face-off versus Mathew Barzal in Wolfpack zone.
5:45 of 2nd period - Philipp Kurashev is hit by Seth Griffith and loses puck.
5:52 of 2nd period - Snap shot by David Pope.
5:52 of 2nd period - Shot Blocked by Gavin Bayreuther.
6:04 of 2nd period - Connor Chatam is hit by Evan Rodrigues and loses puck.
6:37 of 2nd period - Snap shot by Linus Sandin.
6:37 of 2nd period - Deflect By Alex Barre-Boulet.
6:37 of 2nd period - Stopped by Jeremy Swayman with a rebound.
7:19 of 2nd period - Minor Penalty to Iven Barbashev for High sticking.
7:20 of 2nd period - Evan Rodrigues wins face-off versus Seth Griffith in Penguins zone.
7:46 of 2nd period - Gavin Bayreuther is hit by Derrick Pouliot and loses puck.
9:19 of 2nd period - Penalty to Iven Barbashev is over, Iven Barbashev is back on ice.
9:31 of 2nd period - Matthew Finn is hit by Nolan Patrick and loses puck.
9:45 of 2nd period - Off-side.
9:46 of 2nd period - Alex Barre-Boulet wins face-off versus Adam Brooks in neutral zone.
10:15 of 2nd period - Minor Penalty to Philipp Kurashev for Hooking.
10:16 of 2nd period - Seth Griffith wins face-off versus Evan Rodrigues in Penguins zone.
10:51 of 2nd period - Snap shot by Connor Chatam.
10:51 of 2nd period - Shot Misses the Net.
12:15 of 2nd period - Penalty to Philipp Kurashev is over, Philipp Kurashev is back on ice.
12:26 of 2nd period - Slapshot by John Marino.
12:26 of 2nd period - Shot Blocked by Nolan Patrick.
12:32 of 2nd period - Wrist shot by Sam Kurker.
12:32 of 2nd period - Shot Misses the Net.
13:44 of 2nd period - Steven Santini is hit by Gavin Bayreuther.
14:21 of 2nd period - Ryan Culkin is hit by Denis Malgin and loses puck.
14:32 of 2nd period - Brett Kulak is hit by Ryan Culkin and loses puck.
14:57 of 2nd period - K'Andre Miller is hit by Max Gortz and loses puck.
15:02 of 2nd period - Snap shot by Max Gortz.
15:02 of 2nd period - Goal by Max Gortz - Penguins : 6 - Wolfpack : 1.
15:03 of 2nd period - Philipp Kurashev wins face-off versus Casey Mittelstadt in neutral zone.
16:45 of 2nd period - Wrist shot by Mathew Barzal.
16:45 of 2nd period - Stopped by Mike Condon without a rebound.
16:46 of 2nd period - Philipp Kurashev wins face-off versus Seth Griffith in Wolfpack zone.
16:58 of 2nd period - Icing by Matthew Finn.
16:59 of 2nd period - Philipp Kurashev wins face-off versus Seth Griffith in Penguins zone.
17:10 of 2nd period - Wrist shot by Iven Barbashev.
17:10 of 2nd period - Shot Misses the Net.
17:36 of 2nd period - Wrist shot by Samuel Blais.
17:36 of 2nd period - Shot Blocked by Gavin Bayreuther.
18:23 of 2nd period - Colton White is hit by Jeff Malott and loses puck.
18:32 of 2nd period - Slapshot by Max Gortz.
18:32 of 2nd period - Shot Misses the Net.
19:11 of 2nd period - Slapshot by Denis Malgin.
19:11 of 2nd period - Shot Misses the Net.
19:13 of 2nd period - Slapshot by Brett Kulak.
19:13 of 2nd period - Stopped by Mike Condon without a rebound.
19:14 of 2nd period - Seth Griffith wins face-off versus Philipp Kurashev in Wolfpack zone.
19:14 of 2nd period - Seth Griffith is hit by Iven Barbashev.
19:35 of 2nd period - Minor Penalty to Derrick Pouliot for Tripping.
19:36 of 2nd period - Evan Rodrigues wins face-off versus Seth Griffith in Wolfpack zone.
Goals for this period are 1 for Penguins vs 1 for Wolfpack.
Shots for this period are 6 for Penguins vs 3 for Wolfpack.
3rd period
0:01 of 3rd period - Evan Rodrigues wins face-off versus Seth Griffith in neutral zone.
0:14 of 3rd period - Wrist shot by David Pope.
0:14 of 3rd period - Shot Blocked by Brett Kulak.
0:16 of 3rd period - Wrist shot by Colton White.
0:16 of 3rd period - Deflect By Seth Griffith.
0:16 of 3rd period - Shot Misses the Net.
0:16 of 3rd period - Puck is out of play.
0:17 of 3rd period - Seth Griffith wins face-off versus Adam Brooks in Penguins zone.
0:18 of 3rd period - Snap shot by David Pope.
0:18 of 3rd period - Stopped by Jeremy Swayman without a rebound.
0:19 of 3rd period - Seth Griffith wins face-off versus Adam Brooks in Penguins zone.
0:20 of 3rd period - Snap shot by David Pope.
0:20 of 3rd period - Shot Misses the Net.
1:35 of 3rd period - Penalty to Derrick Pouliot is over, Derrick Pouliot is back on ice.
1:49 of 3rd period - Wrist shot by David Pope.
1:49 of 3rd period - Stopped by Jeremy Swayman without a rebound.
1:50 of 3rd period - Evan Rodrigues wins face-off versus Casey Mittelstadt in Penguins zone.
2:10 of 3rd period - Off-side.
2:11 of 3rd period - Philipp Kurashev wins face-off versus Nolan Patrick in neutral zone.
3:00 of 3rd period - Wrist shot by Denis Malgin.
3:00 of 3rd period - Stopped by Mike Condon with a rebound.
3:02 of 3rd period - Slapshot by Dakota Mermis.
3:02 of 3rd period - Stopped by Mike Condon without a rebound.
3:03 of 3rd period - Philipp Kurashev wins face-off versus Seth Griffith in Wolfpack zone.
3:16 of 3rd period - Snap shot by Sebastian Collberg.
3:16 of 3rd period - Shot Misses the Net.
3:18 of 3rd period - Snap shot by David Pope.
3:18 of 3rd period - Stopped by Jeremy Swayman with a rebound.
3:30 of 3rd period - Slapshot by Eetu Luostarinen.
3:30 of 3rd period - Shot Misses the Net.
3:40 of 3rd period - Snap shot by Evan Rodrigues.
3:40 of 3rd period - Stopped by Mike Condon with a rebound.
3:50 of 3rd period - Slapshot by Steven Santini.
3:50 of 3rd period - Shot Blocked by Gavin Bayreuther.
3:56 of 3rd period - Slapshot by Gavin Bayreuther.
3:56 of 3rd period - Stopped by Mike Condon with a rebound.
3:58 of 3rd period - Snap shot by Denis Malgin.
3:58 of 3rd period - Stopped by Mike Condon without a rebound.
3:59 of 3rd period - Seth Griffith wins face-off versus Philipp Kurashev in Wolfpack zone.
4:31 of 3rd period - Slapshot by Noah Dobson.
4:31 of 3rd period - Stopped by Mike Condon with a rebound.
4:33 of 3rd period - Slapshot by Matthew Finn.
4:33 of 3rd period - Stopped by Mike Condon with a rebound.
4:35 of 3rd period - Snap shot by Matthew Finn.
4:35 of 3rd period - Deflect By Seth Griffith.
4:35 of 3rd period - Stopped by Mike Condon with a rebound.
4:37 of 3rd period - Slapshot by Noah Dobson.
4:37 of 3rd period - Deflect By Max Gortz.
4:37 of 3rd period - Stopped by Mike Condon with a rebound.
4:47 of 3rd period - Colton White is hit by Adam Brooks and loses puck.
4:58 of 3rd period - Wrist shot by Sebastian Collberg.
4:58 of 3rd period - Stopped by Jeremy Swayman with a rebound.
5:11 of 3rd period - Off-side.
5:12 of 3rd period - Evan Rodrigues wins face-off versus Connor Chatam in neutral zone.
5:21 of 3rd period - Slapshot by Connor Chatam.
5:21 of 3rd period - Stopped by Jeremy Swayman with a rebound.
5:23 of 3rd period - Wrist shot by Samuel Blais.
5:23 of 3rd period - Stopped by Jeremy Swayman with a rebound.
5:25 of 3rd period - Slapshot by Casey Mittelstadt.
5:25 of 3rd period - Shot Misses the Net.
5:27 of 3rd period - Wrist shot by Steven Santini.
5:27 of 3rd period - Deflect By Samuel Blais.
5:27 of 3rd period - Stopped by Jeremy Swayman without a rebound.
5:28 of 3rd period - Nolan Patrick wins face-off versus Philipp Kurashev in Penguins zone.
5:33 of 3rd period - Snap shot by Nolan Patrick.
5:33 of 3rd period - Stopped by Jeremy Swayman with a rebound.
5:35 of 3rd period - Snap shot by Nolan Patrick.
5:35 of 3rd period - Stopped by Jeremy Swayman without a rebound.
5:36 of 3rd period - Nolan Patrick wins face-off versus Philipp Kurashev in Penguins zone.
5:51 of 3rd period - Snap shot by Nolan Patrick.
5:51 of 3rd period - Stopped by Jeremy Swayman with a rebound.
6:01 of 3rd period - Casey Mittelstadt is hit by Gavin Bayreuther and loses puck.
6:32 of 3rd period - Snap shot by Denis Malgin.
6:32 of 3rd period - Shot Misses the Net.
6:34 of 3rd period - Snap shot by Jeff Malott.
6:34 of 3rd period - Deflect By Seth Griffith.
6:34 of 3rd period - Shot Misses the Net.
6:34 of 3rd period - Puck is out of play.
6:35 of 3rd period - Seth Griffith wins face-off versus Philipp Kurashev in Wolfpack zone.
6:42 of 3rd period - Slapshot by Sebastian Collberg.
6:42 of 3rd period - Stopped by Jeremy Swayman without a rebound.
6:42 of 3rd period - Colton White beats up John Marino.
6:42 of 3rd period - Penalty to Colton White for Fighting.
6:42 of 3rd period - Penalty to John Marino for Fighting.
6:43 of 3rd period - Seth Griffith wins face-off versus Philipp Kurashev in Penguins zone.
7:00 of 3rd period - Derrick Pouliot is hit by Mathew Barzal and loses puck.
7:11 of 3rd period - Snap shot by Steven Santini.
7:11 of 3rd period - Shot Misses the Net.
7:23 of 3rd period - Snap shot by Seth Griffith.
7:23 of 3rd period - Goal by Seth Griffith - Penguins : 6 - Wolfpack : 2.
7:24 of 3rd period - Casey Mittelstadt wins face-off versus Evan Rodrigues in neutral zone.
7:31 of 3rd period - Slapshot by Steven Santini.
7:31 of 3rd period - Shot Blocked by Eetu Luostarinen.
7:33 of 3rd period - Slapshot by Samuel Blais.
7:33 of 3rd period - Shot Misses the Net.
7:35 of 3rd period - Slapshot by Steven Santini.
7:35 of 3rd period - Shot Blocked by Matthew Finn.
7:37 of 3rd period - Wrist shot by Connor Chatam.
7:37 of 3rd period - Goal by Connor Chatam - Penguins : 6 - Wolfpack : 3.
7:38 of 3rd period - David Pope wins face-off versus Iven Barbashev in neutral zone.
7:41 of 3rd period - Slapshot by Derrick Pouliot.
7:41 of 3rd period - Shot Blocked by Brett Kulak.
7:57 of 3rd period - David Pope is hit by Gavin Bayreuther and loses puck.
9:17 of 3rd period - Snap shot by Mathew Barzal.
9:17 of 3rd period - Goal by Mathew Barzal - Penguins : 7 - Wolfpack : 3.
9:18 of 3rd period - Seth Griffith wins face-off versus Philipp Kurashev in neutral zone.
9:46 of 3rd period - Minor Penalty to Seth Griffith for Hooking.
9:47 of 3rd period - Iven Barbashev wins face-off versus Connor Chatam in Wolfpack zone.
10:18 of 3rd period - Slapshot by Gavin Bayreuther.
10:18 of 3rd period - Shot Misses the Net.
10:30 of 3rd period - Derrick Pouliot is hit by Brett Kulak and loses puck.
11:41 of 3rd period - Derrick Pouliot is hit by Dakota Mermis and loses puck.
11:42 of 3rd period - Penalty to Colton White is over, Colton White is back on ice.
12:02 of 3rd period - Dakota Mermis is hit by Connor Chatam and loses puck.
12:19 of 3rd period - Casey Mittelstadt is hit by Jeff Malott and loses puck.
12:26 of 3rd period - Wrist shot by Jeff Malott.
12:26 of 3rd period - Shot Blocked by K'Andre Miller.
12:40 of 3rd period - Casey Mittelstadt is hit by Denis Malgin and loses puck.
12:45 of 3rd period - Slapshot by Gavin Bayreuther.
12:45 of 3rd period - Stopped by Mike Condon without a rebound.
12:46 of 3rd period - Iven Barbashev wins face-off versus Nolan Patrick in Wolfpack zone.
12:51 of 3rd period - Wrist shot by Iven Barbashev.
12:51 of 3rd period - Shot Misses the Net.
12:53 of 3rd period - Backhand shot by Philipp Kurashev.
12:53 of 3rd period - Stopped by Mike Condon with a rebound.
13:35 of 3rd period - Snap shot by Dryden Hunt.
13:35 of 3rd period - Shot Misses the Net.
14:06 of 3rd period - Icing by Eetu Luostarinen.
14:07 of 3rd period - Alex Barre-Boulet wins face-off versus Denis Malgin in Penguins zone.
14:36 of 3rd period - Snap shot by Evan Rodrigues.
14:36 of 3rd period - Stopped by Mike Condon with a rebound.
14:38 of 3rd period - Snap shot by Jesper Boqvist.
14:38 of 3rd period - Penguins goal is going for a video replay.
14:38 of 3rd period - The goal is refused. The goalkeeper has been pushed into the net together with the puck after making a save..
14:39 of 3rd period - Philipp Kurashev wins face-off versus Seth Griffith in Wolfpack zone.
14:40 of 3rd period - Snap shot by Mathew Barzal.
14:40 of 3rd period - Stopped by Mike Condon without a rebound.
14:41 of 3rd period - Philipp Kurashev wins face-off versus Seth Griffith in Wolfpack zone.
14:45 of 3rd period - Minor Penalty to K'Andre Miller for Hooking.
14:46 of 3rd period - Seth Griffith wins face-off versus Evan Rodrigues in Wolfpack zone.
15:21 of 3rd period - Off-side.
15:22 of 3rd period - Casey Mittelstadt wins face-off versus Evan Rodrigues in neutral zone.
15:48 of 3rd period - Colton White is hit by John Marino and loses puck.
16:45 of 3rd period - Penalty to K'Andre Miller is over, K'Andre Miller is back on ice.
17:05 of 3rd period - Snap shot by Owen Tippet.
17:05 of 3rd period - Stopped by Jeremy Swayman with a rebound.
17:19 of 3rd period - Wrist shot by Dryden Hunt.
17:19 of 3rd period - Stopped by Jeremy Swayman without a rebound.
17:20 of 3rd period - Alex Barre-Boulet wins face-off versus Sam Kurker in Penguins zone.
17:35 of 3rd period - Slapshot by Brett Kulak.
17:35 of 3rd period - Shot Blocked by Steven Santini.
18:05 of 3rd period - Alex Barre-Boulet is hit by Matthew Finn and loses puck.
18:33 of 3rd period - Colton White is hit by Sampo Ranta and loses puck.
18:45 of 3rd period - Off-side.
18:46 of 3rd period - Seth Griffith wins face-off versus Philipp Kurashev in neutral zone.
18:55 of 3rd period - Ryan Culkin is hit by John Marino and loses puck.
19:14 of 3rd period - Backhand shot by Evan Rodrigues.
19:14 of 3rd period - Stopped by Mike Condon without a rebound.
19:15 of 3rd period - Casey Mittelstadt wins face-off versus Eetu Luostarinen in Wolfpack zone.
19:40 of 3rd period - Eetu Luostarinen is hit by Samuel Blais.
19:46 of 3rd period - Snap shot by Samuel Blais.
19:46 of 3rd period - Deflect By Connor Chatam.
19:46 of 3rd period - Stopped by Jeremy Swayman with a rebound.
19:54 of 3rd period - Slapshot by Gavin Bayreuther.
19:54 of 3rd period - Shot Blocked by Joshua Jacobs.
19:56 of 3rd period - Wrist shot by Evan Rodrigues.
19:56 of 3rd period - Stopped by Mike Condon with a rebound.
Goals for this period are 1 for Penguins vs 2 for Wolfpack.
Shots for this period are 17 for Penguins vs 16 for Wolfpack.